 Dungeon Crawl Stone Soup version 0.23-a0-143-g1adec7bb76 (webtiles) character file.

296 Rrauwl the Shield-Bearer (level 6, -4/48 HPs)
             Began as a Formicid Fighter on Sept 4, 2018.
             Killed by nerve-wracking pain
             ... invoked by Grinder
              (13 damage)
             ... on level 3 of the Dungeon.
             The game lasted 00:04:43 (1426 turns).

Rrauwl the Shield-Bearer (Formicid Fighter)         Turns: 1426, Time: 00:04:44

Health: -4/48      AC:  8    Str: 22    XL:     6   Next: 61%
Magic:  6/6        EV:  8    Int:  7    God:
Gold:   126        SH: 12    Dex: 11    Spells: 5/5 levels left

rFire    + . .     SeeInvis +   a - +1 war axe
rCold    . . .     Gourm    .   c - +0 shield
rNeg     . . .     Faith    .   b - +0 scale mail
rPois    .         Spirit   .   (helmet unavailable)
rElec    .         Reflect  +   (no cloak)
rCorr    .         Harm     .   l - +0 pair of gloves
MR       .....                  (no boots)
Stlth    ..........             h - +2 amulet of reflection
HPRegen  0.16/turn              k - ring of protection from fire
MPRegen  0.10/turn              (no ring)

@: no status effects
A: permanent stasis, dig shafts and tunnels, four strong arms, antennae 3
a: Dig, Shaft Self


You were on level 3 of the Dungeon.
You were not hungry.

You visited 1 branch of the dungeon, and saw 3 of its levels.

You collected 126 gold pieces.

Inventory:

Hand Weapons
 a - a +1 war axe (weapon)
Missiles
 e - 22 bolts
Armour
 b - a +0 scale mail (worn)
 c - a +0 shield (worn)
 l - a +0 pair of gloves (worn)
Jewellery
 h - a +2 amulet of reflection (around neck)
 j - an uncursed amulet of harm
 k - a ring of protection from fire (left hand)
Scrolls
 d - a scroll of amnesia
 i - 3 scrolls of identify
Comestibles
 f - 5 rations
 g - 4 chunks of flesh


   Skills:
 - Level 4.1 Fighting
 + Level 4.2 Axes
 - Level 4.0 Armour
 + Level 5.8 Shields


You had 5 spell levels left.
You didn't know any spells.
Your spell library contained the following spells:

 Spells                   Type           Power        Failure   Level  Hunger
 Confusing Touch          Hex            #.....       93%         1    ##.....
 Confuse                  Hex            #.......     100%        3    ####...
 Gell's Gravitas          Tloc           #.........   100%        3    ####...
 Petrify                  Tmut/Erth      #.......     100%        4    #####..
 Metabolic Englaciation   Hex/Ice        #.........   100%        5    ######.
 Yara's Violent Unravell  Hex/Tmut       #.........   100%        5    ######.


Dungeon Overview and Level Annotations

Branches:
Dungeon (3/15)

Altars:
Sif Muna

Annotations:
D:3 Grinder


Innate Abilities, Weirdness & Mutations

You cannot be hasted, slowed, berserked, paralysed or teleported.
You can dig through walls and to a lower floor.
Your four strong arms can wield two-handed weapons with a shield.
You have a pair of large antennae on your head. (SInv)


Message History

Grinder hits you.
* * * LOW HITPOINT WARNING * * *
You writhe in agony.
* * * LOW HITPOINT WARNING * * *
You block Grinder's attack.
You hit Grinder.
Grinder is almost dead.
You block Grinder's attack.
You closely miss Grinder.
Grinder is almost dead.
Grinder blinks!
Unknown command.
You start resting.
Grinder is too close now for your liking.
You block Grinder's attack.
You closely miss Grinder.
Grinder is almost dead.
Grinder gestures at you. Pain shoots through your body!
You die...

###.#
##########.####
.........5....#
########...##.#
##.####.#
#..#....# #.##
#.##.####
....<###5##.#
.........@..#
....###.#####
... #._.# ...
#..##
....###.###
..........#
.##.......#
..........##
..###.#....#


You could see Grinder.

Vanquished Creatures
  Sigmund (D:2)
  Jessica (D:2)
  5 adders (D:2)
  An ooze (D:1)
  2 worms (D:2)
  2 dart slugs (D:2)
  A leopard gecko (D:2)
  7 bats
  A giant cockroach (D:2)
  3 goblins
  5 hobgoblins
  4 jackals (D:1)
  A kobold (D:2)
  4 frilled lizards
  6 rats
44 creatures vanquished.

Notes
Turn   | Place    | Note
-------+----------+-------------------------------------------
     0 | D:1      | Rrauwl the Formicid Fighter began the quest for the Orb.
     0 | D:1      | Reached XP level 1. HP: 18/18 MP: 1/1
   197 | D:1      | Reached XP level 2. HP: 24/24 MP: 2/2
   404 | D:1      | Reached skill level 4 in Shields
   527 | D:1      | Reached XP level 3. HP: 29/29 MP: 3/3
   865 | D:2      | Reached XP level 4. HP: 37/37 MP: 4/4
   946 | D:2      | Noticed Jessica
   958 | D:2      | Killed Jessica
  1040 | D:2      | Noticed Sigmund
  1055 | D:2      | Reached XP level 5. HP: 42/42 MP: 5/5
  1140 | D:2      | Killed Sigmund
  1140 | D:2      | Reached skill level 5 in Shields
  1140 | D:2      | Reached XP level 6. HP: 48/48 MP: 6/6
  1350 | D:3      | Found a deep blue altar of Sif Muna.
  1383 | D:3      | Noticed Grinder
  1426 | D:3      | Killed from afar by Grinder

Vault maps used:
D:1:      dpeg_arrival_short_road
D:2:      first_ration, uniq_jessica, uniq_sigmund
D:3:      overflow_temple_1_default, gup_sewer_entry_spiral,
          chequers_ecumenical_altar_island, uniq_ijyb, uniq_grinder,
          uniq_terence

Skill      XL: |  1  2  3  4  5 |
---------------+----------------+-----
Shields        | 4 5 |  5.8
Armour         | 4 |  4.0
Fighting       | 4 |  4.1
Axes           | 4 |  4.2

Action                   |  1- 3 |  4- 6 || total
-------------------------+-------+-------++-------
Melee: War axe           |    84 |    61 ||   145
  Use: Scroll            |     2 |     7 ||     9
       Potion            |     2 |     4 ||     6
  Eat: Chunk             |       |     2 ||     2
Armor: Scale mail        |    43 |    19 ||    62
Dodge: Dodged            |    36 |    15 ||    51
Block: Shield            |    53 |    41 ||    94
       Reflection        |       |     1 ||     1

Table legend:
 A = Non-vault XP
 B = Vault XP
 C = Vault XP percentage of total XP
 D = Non-vault monster count
 E = Vault monster count
 F = Vault count percentage of total count
                 A         B        C        D         E       F
            +---------+---------+-------+---------+---------+-------
      Total |     144 |     279 |  66.0 |      42 |       2 |   4.5
            +---------+---------+-------+---------+---------+-------
        D:1 |      37 |       0 |   0.0 |      20 |       0 |   0.0
        D:2 |     107 |     279 |  72.3 |      22 |       2 |   8.3
            +---------+---------+-------+---------+---------+-------
